Map: Romanticide LE

Players

DPGRogue (Rogue) - Winner!

  • Race: Zerg Zerg

TIME (Oliveira)

  • Race: Terran Terran
  • League: Grandmaster

Event: DreamHack SC2 Masters 2021 Summer

VOD

Have the link to the VOD?

Description

Time

  • Played on: July 3, 2021, 12:46 p.m.
  • Length: 4:51

All games in this series

Show
View Real Time Build Order
Export as new Build Order

DPGRogue Zerg - Winner!

Build Orders: Hatch First 

Get SALT Encoding   

  12  0:00  Drone  
  13  0:11  Overlord  
  13  0:16  Drone  
  14  0:30  Drone x2  
  16  0:48  Hatchery  
  15  0:50  Drone  
  15  0:54  Drone  
  17  0:57  Drone  
  18  1:08  Extractor  
  17  1:12  Spawning Pool  
  17  1:15  Drone  
  17  1:19  Drone  
  18  1:28  Drone  
  19  1:38  Drone  
  20  1:49  Drone  
  21  1:59  Queen  
  21  2:00  Queen  
  25  2:01  Zergling x2, Spine Crawler  
  25  2:05  Zergling x2  
  26  2:15  Zergling x2  
  26  2:22  Zergling x2  
  27  2:28  Zergling x2  
  26  2:51  Spine Crawler  
  26  2:52  Spine Crawler  
  26  2:58  Zergling x4  
  26  3:00  Zergling x2  
  27  3:21  Overlord  
  27  3:32  Overlord  
  27  3:40  Drone  
  27  3:41  Drone x4  
  32  3:49  Spine Crawler  
  32  3:51  Zergling x2  
  32  3:52  Zergling x2  
  32  3:54  Zergling x2  
  34  4:00  Spine Crawler  
  33  4:05  Zergling x2  
  33  4:06  Evolution Chamber  
  33  4:07  Evolution Chamber  
  33  4:08  Zergling x2  
  35  4:13  Spine Crawler  
  34  4:19  Zergling x2  
  34  4:22  Zergling x2  
  30  4:26  Zergling x2  
  30  4:28  Zergling x2  
Show
View Real Time Build Order
Export as new Build Order

TIME Terran 

Build Orders:  

Get SALT Encoding   

  12  0:00  SCV  
  13  0:12  SCV  
  14  0:18  Supply Depot  
  14  0:24  SCV  
  15  0:41  Barracks  
  15  0:52  Barracks  
  15  1:05  Barracks  
  15  1:28  Orbital Command, Marine  
  15  1:32  Supply Depot  
  16  1:42  Marine  
  16  1:46  Marine  
  18  1:54  Marine  
  18  1:57  Bunker  
  18  1:58  SCV  
  20  2:02  Marine  
  20  2:05  Marine  
  22  2:14  Bunker  
  22  2:15  Marine  
  23  2:16  SCV  
  23  2:20  Marine  
  25  2:23  Bunker  
  25  2:25  Marine  
  26  2:33  Marine  
  26  2:35  SCV  
  28  2:38  Marine  
  28  2:43  Marine, Supply Depot  
  29  2:50  Marine  
  30  2:52  Bunker  
  30  2:56  Marine  
  31  2:59  Bunker  
  31  3:04  Marine  
  32  3:08  Marine  
  32  3:09  SCV  
  33  3:18  Marine  
  34  3:22  Marine  
  35  3:30  Marine  
  36  3:38  Marine  
  36  3:40  Marine  
  18  4:26  Marine  
  18  4:31  Marine  
Tags
 
Add a new tag
Caveats
  • Supply blocks, unpowered buildings, or Contaminate may cause inaccurate times.
  • Supply counts are checked every 10 seconds.